Workbook
Name _____ADN1: #REF!
Name _____ADN1: #REF!
Name _____ADN1: #REF!
Name _____ADS1: #REF!
Name _____ADS1: #REF!
Name _____ADS1: #REF!
Name _____EUR1: #REF!
Name _____EUR1: #REF!
Name _____EUR1: #REF!
Name ____ADN1: #REF!
Name ____ADS1: #REF!
Name ____EUR1: #REF!
Name ___ADN1: #REF!
Name ___ADS1: #REF!
Name ___EUR1: #REF!
Name __ADN1: #REF!
Name __ADS1: #REF!
Name __EUR1: #REF!
Name _ADN1: #REF!
Name _ADS1: #REF!
Name _EUR1: #REF!
Name ADN: #REF!
Name ADS: #REF!
Name AmNord_RMde: #REF!
Name ANNEE_EN_COURS: #REF!
Name ANNEE_EN_COURS: #REF!
Name ANNEE_EN_COURS: #REF!
Name ASIE: #REF!
Name ASIE: #REF!
Name ASIE: #REF!
Name ASIE1: #REF!
Name ASIE1: #REF!
Name ASIE1: #REF!
Name BaseCum: #REF!
Name BaseCumNG: #REF!
Name BEF: #REF!
Name BEF: #REF!
Name BEF: #REF!
Name BEFP99: #REF!
Name BEFP99: #REF!
Name BEFP99: #REF!
Name BRR: #REF!
Name BRR: #REF!
Name BRR: #REF!
Name BRRP00: #REF!
Name BRRP99: #REF!
Name CAD: #REF!
Name CAD: #REF!
Name CAD: #REF!
Name CADP00: #REF!
Name CADP00: #REF!
Name CADP00: #REF!
Name CADP99: #REF!
Name changes: #REF!
Name changes: #REF!
Name changes: #REF!
Name COP00: #REF!
Name COP00: #REF!
Name COP00: #REF!
Name Corresp: #REF!

Sheet Chiffres clés
A1: En millions d'euros | B1: 2025 | C1: 2024 | D1: 2023 | E1: 2022 | F1: 2021 | G1: 2020
A2: Ventes | B2: 25992 | C2: 27193 | D2: 28343 | E2: 28590 | F2: 23795 | G2: 20469
A3: % de variation | B3: -0.044 | C3: -0.041 | D3: -0.009 | E3: 0.202 | F3: 0.163 | G3: -0.152
A4: Total des frais de personnel | B4: 7491 | C4: 7622 | D4: 7401 | E4: 6950 | F4: 6445 | G4: 5996
A5: % des ventes | B5: 0.288 | C5: 0.28 | D5: 0.261 | E5: 0.243 | F5: 0.271 | G5: 0.293
A6: Effectifs fin de période (en équivalents temps plein) | B6: 115800 | C6: 123500 | D6: 125000 | E6: 124900 | F6: 118400 | G6: 117500
A7: Frais de recherche et développement | B7: 788 | C7: 786 | D7: 756 | E7: 698 | F7: 682 | G7: 646
A8: % des ventes | B8: 0.03 | C8: 0.029 | D8: 0.027 | E8: 0.024 | F8: 0.029 | G8: 0.032
A9: EBITDA des secteurs (1) | B9: 4663 | C9: 5361 | D9: 5489 | E9: 5262 | F9: 4700 | G9: 3631
A10: Résultat opérationnel des secteurs | B10: 2719 | C10: 3378 | D10: 3572 | E10: 3396 | F10: 2966 | G10: 1878
A11: Marge opérationnelle des secteurs | B11: 0.105 | C11: 0.124 | D11: 0.126 | E11: 0.119 | F11: 0.125 | G11: 0.092
A12: Résultat opérationnel | B12: 2366 | C12: 2631 | D12: 2652 | E12: 3021 | F12: 2777 | G12: 1403
... A33: ROCE opérationnel (6) | B33: 0.092 | C33: 0.105 | D33: 0.114 | E33: 0.105 | F33: 0.103 | G33: 0.06
A34: Données par action (en euros)
A35: Actif net par action (7) | B35: 26.3 | C35: 26.4 | D35: 25.1 | E35: 24 | F35: 20.9 | G35: 17.7
A36: Résultat de base par action | B36: 2.36 | C36: 2.65 | D36: 2.77 | E36: 2.81 | F36: 2.58 | G36: 0.88
A37: Résultat dilué par action | B37: 2.33 | C37: 2.62 | D37: 2.75 | E37: 2.79 | F37: 2.56 | G37: 3.51
A38: PER (8) | B38: 12 | C38: 12 | D38: 11.7 | E38: 9.3 | F38: 14 | G38: 29.8
A39: Dividende par action (9) | B39: 1.38 | C39: 1.38 | D39: 1.35 | E39: 1.25 | F39: 1.13 | G39: 0.58
A40: Taux de distribution (10) | B40: 0.57 | C40: 0.521 | D40: 0.487 | E40: 0.44 | F40: 0.44 | G40: 0.65
A41: Rendement par action (11) | B41: 0.049 | C41: 0.043 | D41: 0.042 | E41: 0.048 | F41: 0.031 | G41: 0.022
A45: (1) Tel que défini en note 2.6 des Etats financiers consolidés
A46: (2) Endettement net: dettes financières - liquidités et équivalents de trésorerie (retraités des variations des actifs de gestion de trésorerie et de garantie d'emprunts) +/- instruments financiers dérivés, tel que calculé en note 9.3 des Etats financiers consolidés
A47: (3) Charge d’intérêts nette : charge d’intérêts financiers - produit d’intérêts de la trésorerie.
A48: (4) Cash flow libre : flux de trésorerie sur activités opérationnelles - flux de trésorerie sur activités d’investissement (retraités des variations des actifs financiers de gestion
A49: de trésorerie et de garantie d’emprunts), tel que calculé au chapitre 1.5.3.
A50: (5) ROE : à partir de 2022, le Groupe applique la définition suivante du ROE: résultat net / capitaux propres moyens annuels (moyenne 31.12 N / 31.12 N-1), en lieu et place de résultat net / capitaux propres de l'année N. Les années 2020 et 2021 ont été retraitées à des fins de comparaison.
A51: (6) ROCE opérationnel : calculé selon la méthode en vigueur depuis 2021 expliquée au chapitre 1.6. Les ROCE de l'année 2020 a été recalculé selon cette méthode
A52: (7) Actif net par action : actif net/nombre d’actions fin de période.
A53: (8) PER : cours de l’action fin de période/résultat de base par action.
A54: (9) Dividende soumis à l'approbation de l'Assemblée générale des actionnaires du 22 mai 2026
A55: (10) Taux de distribution : dividende/résultat net
A56: (11) Rendement : dividende/cours de l’action au 31 décembre.

Sheet Marchés
A1: Marché Tourime camionette Première monte par zone géographique
A2: (en millions de pneus)
B3: Europe (1) | C3: Amérique du Nord (2) | D3: Asie (hors Inde) | E3: Amérique du Sud | F3: Afrique Inde Moyen-Orient
A4: 2020 | B4: 78 | C4: 63 | D4: 176 | E4: 11 | F4: 25
A5: 2021 | B5: 75 | C5: 63 | D5: 181 | E5: 13 | F5: 30
A6: 2022 | B6: 75 | C6: 69 | D6: 191 | E6: 14 | F6: 36
A7: 2023 | B7: 83 | C7: 75 | D7: 209 | E7: 15 | F7: 37
A8: 2024 | B8: 76.281022 | C8: 73.806114 | D8: 208.31705 | E8: 14.80209 | F8: 35.581284
A9: 2025 | B9: 72.770881 | C9: 72.4023 | D9: 217.98206 | E9: 15.149685 | F9: 40.421893
A11: (1) Y compris Russie et Turquie
A12: (2) Etats-Unis, Canada et Mexique
A13: Estimations Michelin
A15: Marché Tourime camionette Remplacement par zone géographique
A16: (en millions de pneus)
B17: Europe (1) | C17: Amérique du Nord (2) | D17: Asie (hors Inde) | E17: Amérique du Sud | F17: Afrique Inde Moyen-Orient
A18: 2020 | B18: 340 | C18: 288 | D18: 266 | E18: 54 | F18: 91
A19: 2021 | B19: 382 | C19: 328 | D19: 277 | E19: 69 | F19: 110
A20: 2022 | B20: 385 | C20: 316 | D20: 266 | E20: 73 | F20: 111
A21: 2023 | B21: 371 | C21: 317 | D21: 312 | E21: 79 | F21: 114
A22: 2024 | B22: 412.37925 | C22: 323.07418 | D22: 311.02131 | E22: 83.377673 | F22: 117.13505
A23: 2025 | B23: 416.76168 | C23: 321.98195 | D23: 315.16318 | E23: 81.835328 | F23: 119.84135
A25: (1) Y compris Russie et Turquie
A26: (2) Etats-Unis, Canada et Mexique
A27: Estimations Michelin
A30: Marché Transport routier Première monte par zone géographique
A31: (en millions de pneus)
B32: Europe (1) | C32: Amérique du Nord (2) | D32: Asie (hors Inde) | E32: Amérique du Sud | F32: Afrique Inde Moyen-Orient
A33: 2020 | B33: 5,6 | C33: 4,9 | D33: 37,3 | E33: 1,6 | F33: 2,3
A34: 2021 | B34: 6,9 | C34: 6,1 | D34: 32,9 | E34: 2,1 | F34: 3,8
A35: 2022 | B35: 7,1 | C35: 6,7 | D35: 20,6 | E35: 2,5 | F35: 5,3
A36: 2023 | B36: 7,4 | C36: 6,4 | D36: 25,3 | E36: 1,9 | F36: 5,8
A37: 2024 | B37: 6,0 | C37: 5,7 | D37: 24,5 | E37: 2,4 | F37: 6,1
A38: 2025 | B38: 6,2 | C38: 4,6 | D38: 28,0 | E38: 2,1 | F38: 6,5
A40: (1) Y compris Russie et Turquie
A41: (2) Etats-Unis, Canada et Mexique
A42: Estimations Michelin
A45: Marché Transport routier Remplacement par zone géographique
A46: (en millions de pneus)
B47: Europe (1) | C47: Amérique du Nord (2) | D47: Asie (hors Inde) | E47: Amérique du Sud | F47: Afrique Inde Moyen-Orient
A48: 2020 | B48: 23,7 | C48: 26,2 | D48: 68,4 | E48: 11,8 | F48: 25,6
A49: 2021 | B49: 26,6 | C49: 31,8 | D49: 66,3 | E49: 15,3 | F49: 27,6
A50: 2022 | B50: 27,5 | C50: 35,7 | D50: 60,8 | E50: 15,5 | F50: 28,7
A51: 2023 | B51: 25,7 | C51: 30,8 | D51: 63,2 | E51: 16,5 | F51: 28,9
A52: 2024 | B52: 26,0 | C52: 33,0 | D52: 61.058556 | E52: 17.119589 | F52: 30.189294
A53: 2025 | B53: 26,6 | C53: 34,6 | D53: 60,9 | E53: 18,5 | F53: 31,0
A55: (1) Y compris Russie et Turquie
A56: (2) Etats-Unis, Canada et Mexique
A57: Estimations Michelin
A60: Marché génie civil minier
A61: (base 100 en 2019 en nombre de pneus)
A62: 2019 | B62: 100
A63: 2020 | B63: 84
A64: 2021 | B64: 91.0266
A65: 2022 | B65: 96.488196
A66: 2023 | B66: 97.818898
A67: 2024 | B67: 95.86252
A68: 2025 | B68: 98.738395
A69: Marché génie civil construction
A70: =A61 -> (base 100 en 2019 en nombre de pneus)
A71: 2018 | B71: 100
A72: 2019 | B72: 99.137931
A73: 2020 | B73: 80.202586
A74: 2021 | B74: 100.558
A75: 2022 | B75: 98.044053
A78: Marché agricole
A79: =A61 -> (base 100 en 2019 en nombre de pneus)
A80: Europe et Amérique du Nord)
A81: 2019 | B81: 100
A82: 2020 | B82: 98.93617
A83: 2021 | B83: 115.08255
A84: 2022 | B84: 118.0747
A85: 2023 | B85: 105.95445
A86: 2024 | B86: 97.478093
A87: 2025 | B87: 92.604188

Sheet Ventes
A1: Effet de la variation des volumes sur les ventes (sur la base de volumes exprimés en tonnes)
A2: (volume exprimé en tonnes)
A3: 2015 | B3: 0.032
A4: 2016 | B4: 0.021
A5: 2017 | B5: 0.026
A6: 2018 | B6: 0.009
A7: 2019 | B7: -0.012
A8: 2020 | B8: -0.14
A9: 2021 | B9: 0.118
A10: 2022 | B10: -0.02
A11: 2023 | B11: -0.047
A12: 2024 | B12: -0.051441273
A13: 2025 | B13: -0.047401905
A17: Ventes
A18: (en millions €)
A19: 2021 | B19: 23795 | C19: =OFFSET('Chiffres clés'!$C$1,,D19) -> 2020 | D19: =D20+1 -> 4
A20: 2022 | B20: 28590 | C20: =OFFSET('Chiffres clés'!$C$1,,D20) -> 2021 | D20: =D21+1 -> 3
A21: 2023 | B21: 28343 | C21: =OFFSET('Chiffres clés'!$C$1,,D21) -> 2022 | D21: =D22+1 -> 2
A22: 2024 | B22: 27193 | C22: =OFFSET('Chiffres clés'!$C$1,,D22) -> 2023 | D22: =D23+1 -> 1
A23: 2025 | B23: 25992.177 | C23: =OFFSET('Chiffres clés'!$C$1,,D23) -> 2024 | D23: 0
A26: Répartition des ventes par secteur opérationnel
A27: (en valeur)
B28: 2021 | C28: 2022 | D28: 2023 | E28: 2024 | F28: 2025
A29: Automobile ** | B29: 0.50422358 | C29: 0.49451381 | D29: 0.52424795 | E29: 0.53938682 | F29: 0.55040949
A30: Transport routier ** | B30: 0.26194579 | C30: 0.26101473 | D30: 0.24490603 | E30: 0.24267541 | F30: 0.23170559
A31: Activités de spécialités ** | B31: 0.23383064 | C31: 0.24447146 | D31: 0.23084602 | E31: 0.21793777 | F31: 0.21788492
A33: ** et distribution associée
A49: Répartition des ventes par zone géographique
A51: (en valeur) | B51: 2021 | C51: 2022 | D51: 2023 | E51: 2024 | F51: 2025
A52: Europe (y.c. Centrale et Orientale) | B52: 0.37882551 | C52: 0.35466645 | D52: 0.34897737 | E52: 0.35971863 | F52: 0.3705598
A53: Amérique du Nord (y.c. Mexique) | B53: 0.35255424 | C53: 0.3819408 | D53: 0.39155747 | E53: 0.38586232 | F53: 0.36714686
A54: Autres zones | B54: 0.26862025 | C54: 0.26339275 | D54: 0.25946515 | E54: 0.25441904 | F54: 0.26229334

Sheet Site web | Resultats
A1: Répartition des charges par nature
A2: (en % des ventes)
A3: Chiffre affaires | B3: 1
A4: Matières premières | B4: -0.19858045
A5: Frais de personnel | B5: -0.2882021
A6: Transport de marchandises | B6: -0.048245285
A7: Charges d'amortissements | B7: -0.078331261
A8: Autres charges* | B8: -0.28202409
A9: Total des charges des secteurs | B9: -0.89538319
A10: Marge opérationnelle des secteurs | B10: 0.10461681
A11: * dont achats autres que matières premières et transport de marchandises (énergie, autres biens consommables, prestations de services, communication, etc.)
A14: Résultat opérationnel des secteurs
A15: (en millions €)
A16: 2021 | B16: 2966 | C16: =OFFSET('Chiffres clés'!$C$1,,D16) -> 2020 | D16: =D17+1 -> 4
A17: 2022 | B17: 3396 | C17: =OFFSET('Chiffres clés'!$C$1,,D17) -> 2021 | D17: =D18+1 -> 3
A18: 2023 | B18: 3572 | C18: =OFFSET('Chiffres clés'!$C$1,,D18) -> 2022 | D18: =D19+1 -> 2
A19: 2024 | B19: 3378 | C19: =OFFSET('Chiffres clés'!$C$1,,D19) -> 2023 | D19: =D20+1 -> 1
A20: 2025 | B20: 2719.2186 | C20: =OFFSET('Chiffres clés'!$C$1,,D20) -> 2024 | D20: 0
A23: Marge opérationnelle des secteurs
A24: (en % des ventes)
A25: 2021 | B25: 0.125 | C25: =OFFSET('Chiffres clés'!$C$1,,D25) -> 2020 | D25: =D26+1 -> 4
A26: 2022 | B26: 0.11878279 | C26: =OFFSET('Chiffres clés'!$C$1,,D26) -> 2021 | D26: =D27+1 -> 3
A27: 2023 | B27: 0.126 | C27: =OFFSET('Chiffres clés'!$C$1,,D27) -> 2022 | D27: =D28+1 -> 2
A28: 2024 | B28: 0.12422315 | C28: =OFFSET('Chiffres clés'!$C$1,,D28) -> 2023 | D28: =D29+1 -> 1
A29: 2025 | B29: 0.10461681 | C29: =OFFSET('Chiffres clés'!$C$1,,D29) -> 2024 | D29: 0
A32: Résultat net
A33: (en millions €)
A34: 2021 | B34: 1845 | C34: =OFFSET('Chiffres clés'!$C$1,,D34) -> 2020 | D34: =D35+1 -> 4
A35: 2022 | B35: 2009 | C35: =OFFSET('Chiffres clés'!$C$1,,D35) -> 2021 | D35: =D36+1 -> 3
A36: 2023 | B36: 1983 | C36: =OFFSET('Chiffres clés'!$C$1,,D36) -> 2022 | D36: =D37+1 -> 2
A37: 2024 | B37: 1890 | C37: =OFFSET('Chiffres clés'!$C$1,,D37) -> 2023 | D37: =D38+1 -> 1
A38: 2025 | B38: 1663.968 | C38: =OFFSET('Chiffres clés'!$C$1,,D38) -> 2024 | D38: 0
A41: Résultat de base par action
A42: (en €)
A43: 2021 | B43: 2.58 | C43: =OFFSET('Chiffres clés'!$C$1,,D43) -> 2020 | D43: =D44+1 -> 4
A44: 2022 | B44: 2.8061497 | C44: =OFFSET('Chiffres clés'!$C$1,,D44) -> 2021 | D44: =D45+1 -> 3
A45: 2023 | B45: 2.77 | C45: =OFFSET('Chiffres clés'!$C$1,,D45) -> 2022 | D45: =D46+1 -> 2
A46: 2024 | B46: 2.65 | C46: =OFFSET('Chiffres clés'!$C$1,,D46) -> 2023 | D46: =D47+1 -> 1
A47: 2025 | B47: 2.36 | C47: =OFFSET('Chiffres clés'!$C$1,,D47) -> 2024 | D47: 0
A50: Dividende par action *
A51: (en €)
A52: 2016 | B52: 0.8
A53: 2017 | B53: 0.8875
A54: 2018 | B54: 0.925
A55: 2019 | B55: 0.5
A56: 2020 | B56: 0.575
A57: 2021 | B57: 1.125
A58: 2022 | B58: 1.25
A59: 2023 | B59: 1.35
A60: 2024 | B60: 1.38
A61: 2025 | B61: 1.38
A62: * Sous réserve de l'approbation de l'assemblée générale des actionnaires du 22 mai 2026.

Sheet Secteurs op.
A1: Automobile et distribution associée
A2: (en millions € et en % des ventes)
B3: Résultats opérationnel du secteur | C3: Marge opérationnelle du secteur
A4: 2021 | B4: 1643 | C4: 0.137
A5: 2022 | B5: 1711 | C5: 0.121
A6: 2023 | B6: 1968 | C6: 0.132
A7: 2024 | B7: 1916.8998 | C7: 0.13069132
A8: 2025 | B8: 1677.0766 | C8: 0.11722611
A11: Transport routier et distribution associée
A12: (en millions € et en % des ventes)
B13: Résultats opérationnel du secteur | C13: Marge opérationnelle du secteur
A14: 2021 | B14: 599 | C14: 0.096
A15: 2022 | B15: 641 | C15: 0.086
A16: 2023 | B16: 474 | C16: 0.068
A17: 2024 | B17: 597 | C17: 0.090468253
A18: 2025 | B18: 280.27144 | C18: 0.046537138
A21: Activités de spécialités et distribution associée
A22: (en millions € et en % des ventes)
B23: Résultats opérationnel du secteur | C23: Marge opérationnelle du secteur
A24: 2021 | B24: 1091 | C24: 0.187
A25: 2022 | B25: 737 | C25: 0.148
A26: 2023 | B26: 724 | C26: 0.13
A27: 2024 | B27: 864.12356 | C27: 0.14581123
A28: 2025 | B28: 761.87056 | C28: 0.13452759

Sheet Structure des couts
A1: Répartitions du cout des matières premières
A2: (en %, en 2025)
A3: Caoutchouc Naturel | B3: 0.26160425
A4: Caoutchouc synthetique | B4: 0.21712231
A5: Charges renforçantes | B5: 0.20987948
A6: Produits chimiques | B6: 0.1547477
A7: Câbles métalliques | B7: 0.09029345
A8: Textile | B8: 0.066352796
A12: Coût des matières premières
A13: (en millions €)
A14: 2021 | B14: 5007
A15: 2022 | B15: 6701
A16: 2023 | B16: 5863
A17: 2024 | B17: 5649
A18: 2025 | B18: 5161.5383
A23: Total des frais de personnel
A24: (en millions €)
A25: 2021 | B25: 6445 | C25: =OFFSET('Chiffres clés'!$C$1,,D25) -> 2020 | D25: =D26+1 -> 4
A26: 2022 | B26: 6950 | C26: =OFFSET('Chiffres clés'!$C$1,,D26) -> 2021 | D26: =D27+1 -> 3
A27: 2023 | B27: 7401 | C27: =OFFSET('Chiffres clés'!$C$1,,D27) -> 2022 | D27: =D28+1 -> 2
A28: 2024 | B28: 7622 | C28: =OFFSET('Chiffres clés'!$C$1,,D28) -> 2023 | D28: =D29+1 -> 1
A29: 2025 | B29: 7491 | C29: =OFFSET('Chiffres clés'!$C$1,,D29) -> 2024 | D29: 0
A33: Effectifs fin de période (en équivalents temps plein)
A34: (au 31 décembre)
A35: 2021 | B35: 118400 | C35: =OFFSET('Chiffres clés'!$C$1,,D35) -> 2020 | D35: =D36+1 -> 4
A36: 2022 | B36: 124900 | C36: =OFFSET('Chiffres clés'!$C$1,,D36) -> 2021 | D36: =D37+1 -> 3
A37: 2023 | B37: 125000 | C37: =OFFSET('Chiffres clés'!$C$1,,D37) -> 2022 | D37: =D38+1 -> 2
A38: 2024 | B38: 123500 | C38: =OFFSET('Chiffres clés'!$C$1,,D38) -> 2023 | D38: =D39+1 -> 1
A39: 2025 | B39: 115800 | C39: =OFFSET('Chiffres clés'!$C$1,,D39) -> 2024 | D39: 0
A42: Frais de transport
A43: (en millions €)
A44: 2021 | B44: 1232 | C44: =OFFSET('Chiffres clés'!$C$1,,D44) -> 2020 | D44: =D45+1 -> 4
A45: 2022 | B45: 2056 | C45: =OFFSET('Chiffres clés'!$C$1,,D45) -> 2021 | D45: =D46+1 -> 3
A46: 2023 | B46: 1485 | C46: =OFFSET('Chiffres clés'!$C$1,,D46) -> 2022 | D46: =D47+1 -> 2
A47: 2024 | B47: 1370 | C47: =OFFSET('Chiffres clés'!$C$1,,D47) -> 2023 | D47: =D48+1 -> 1
A48: 2025 | B48: 1254 | C48: =OFFSET('Chiffres clés'!$C$1,,D48) -> 2024 | D48: 0
A51: Frais de recherche et développement
A52: (en millions €)
A53: 2021 | B53: 682 | C53: =OFFSET('Chiffres clés'!$C$1,,D53) -> 2020 | D53: =D54+1 -> 4
A54: 2022 | B54: 698 | C54: =OFFSET('Chiffres clés'!$C$1,,D54) -> 2021 | D54: =D55+1 -> 3
A55: 2023 | B55: 756 | C55: =OFFSET('Chiffres clés'!$C$1,,D55) -> 2022 | D55: =D56+1 -> 2
A56: 2024 | B56: 786 | C56: =OFFSET('Chiffres clés'!$C$1,,D56) -> 2023 | D56: =D57+1 -> 1
A57: 2025 | B57: 788.28136 | C57: =OFFSET('Chiffres clés'!$C$1,,D57) -> 2024 | D57: 0

Sheet Tréso et bilan
A2: EBITDA des secteurs *
A3: (en millions €)
A4: 2021 | B4: 4700 | C4: =OFFSET('Chiffres clés'!$C$1,,D4) -> 2021 | D4: =D5+1 -> 3
A5: 2022 | B5: 5262 | C5: =OFFSET('Chiffres clés'!$C$1,,D5) -> 2022 | D5: =D6+1 -> 2
A6: 2023 | B6: 5489 | C6: =OFFSET('Chiffres clés'!$C$1,,D6) -> 2023 | D6: =D7+1 -> 1
A7: 2024 | B7: 5361.0313 | C7: =OFFSET('Chiffres clés'!$C$1,,D7) -> 2024 | D7: 0
A8: 2025 | B8: 4662.7121 | C8: 2023 | D8: -1
A9: * Voir note (1) onglet 'Chiffres clés'
A12: Flux de trésorerie sur activités opérationnelles
A13: (en millions €)
A14: 2021 | B14: 2906 | C14: =OFFSET('Chiffres clés'!$C$1,,D14) -> 2021 | D14: =D15+1 -> 3
A15: 2022 | B15: 1931 | C15: =OFFSET('Chiffres clés'!$C$1,,D15) -> 2022 | D15: =D16+1 -> 2
A16: 2023 | B16: 5287 | C16: =OFFSET('Chiffres clés'!$C$1,,D16) -> 2023 | D16: =D17+1 -> 1
A17: 2024 | B17: 4336 | C17: =OFFSET('Chiffres clés'!$C$1,,D17) -> 2024 | D17: 0
A18: 2025 | B18: 3819.4142 | C18: 2023 | D18: -1
A21: Stocks en valeur
A22: (en millions €)
A23: 2021 | B23: 5115
A24: 2022 | B24: 6318
A25: 2023 | B25: 5447
A26: 2024 | B26: 5699
A27: 2025 | B27: 5093.2021
A30: Créances clients
A31: (en millions €)
A32: 2021 | B32: 3576
A33: 2022 | B33: 4205
A34: 2023 | B34: 3850
A35: 2024 | B35: 3595
A36: 2025 | B36: 3458.9614
A39: Investissements incorporels et corporels bruts
A40: (en millions €)
A41: 2021 | B41: 1705 | C41: =OFFSET('Chiffres clés'!$C$1,,D41) -> 2021 | D41: =D42+1 -> 3
A42: 2022 | B42: 2141 | C42: =OFFSET('Chiffres clés'!$C$1,,D42) -> 2022 | D42: =D43+1 -> 2
A43: 2023 | B43: 2236 | C43: =OFFSET('Chiffres clés'!$C$1,,D43) -> 2023 | D43: =D44+1 -> 1
A44: 2024 | B44: 2182 | C44: =OFFSET('Chiffres clés'!$C$1,,D44) -> 2024 | D44: 0
A45: 2025 | B45: 1967 | C45: 2023 | D45: -1
A48: Cash flow libre *
A49: (en millions €)
A50: 2021 | B50: 1357 | C50: =C51+1 -> 3
A51: 2022 | B51: -180.3 | C51: =C52+1 -> 2
A52: 2023 | B52: 2342.8 | C52: =C53+1 -> 1
A53: 2024 | B53: 2225.4 | C53: 0
A54: 2025 | B54: 2181 | C54: -1
A55: * Voir note (5) onglet 'Chiffres clés'
A57: Cash flow libre* structurel
A58: (en millions €) | B58: reporter valeurs à la main car pas dans Chiffres clés
A59: 2018 | B59: 1274
A60: 2019 | B60: 1615
A61: 2020 | B61: 2010
A62: 2021 | B62: 1793
A63: 2022
A64: 2023
A66: * Cash flow libre avant acquisitions, ajusté de l'impact, sur les comptes clients, les comptes fournisseurs et les stocks, des variations de cours de matière premières et des intérêts OCEANE 2017 versés à l'échéance
A70: Endettement net (2) / Capitaux propres
A71: Endettement net * / Capitaux propres
A72: (en millions €)
A73: 2021 | B73: 0.186 | C73: =C74+1 -> 3
A74: 2022 | B74: 0.25239542 | C74: =C75+1 -> 2
A75: 2023 | B75: 0.18269295 | C75: =C76+1 -> 1
A76: 2024 | B76: 0.16700655 | C76: 0
A77: 2025 | B77: 0.12972721 | C77: -1
A78: * Voir note (3) onglet 'Chiffres clés'
A80: Endettement net (2) / EBITDA (1)
A81: Endettement net * / EBITDA
A82: (en millions €)
A83: 2021 | B83: 0.59 | C83: =C84+1 -> 3
A84: 2022 | B84: 0.82098062 | C84: =C85+1 -> 2
A85: 2023 | B85: 0.5977045 | C85: =C86+1 -> 1
A86: 2024 | B86: 0.58048533 | C86: 0
A87: 2025 | B87: 0.50292619 | C87: -1
A88: * Voir note (3) onglet 'Chiffres clés'
A90: ROCE opérationnel(6)
A91: ROCE*
A92: (après impôts)
A93: 2021 | B93: 0.103 | C93: =OFFSET('Chiffres clés'!$C$1,,D93) -> 2022 | D93: =D94+1 -> 2
A94: 2022 | B94: 0.1053469 | C94: =OFFSET('Chiffres clés'!$C$1,,D94) -> 2023 | D94: =D95+1 -> 1
A95: 2023 | B95: 0.11352576 | C95: =OFFSET('Chiffres clés'!$C$1,,D95) -> 2024 | D95: 0
A96: 2024 | B96: 0.1053469 | C96: =OFFSET('Chiffres clés'!$C$1,,D96) -> 2025 | D96: -1
A97: 2025 | B97: 0.092183681
A98: * Voir note (7) onglet 'Chiffres clés'

Sheet Footprint Industriel
B3: Groupe Michelin : Plus de 120 sites industriels
B5: Activités pneumatiques : 75 sites industriels dans 19 pays
C7: Nombre de sites (total) | D7: Dont sites semi-finis et composants | E7: Effectifs
B8: Europe | C8: 30 | D8: 13 | E8: ~ 35 000
B9: Amériques | C9: 31 | D9: 9 | E9: ~ 25 000
B10: Asie (yc Inde) | C10: 14 | D10: 6 | E10: ~ 20 000
B11: TOTAL | C11: =SUM(C8:C10) -> 75 | D11: =SUM(D8:D10) -> 28 | E11: ~ 80 000
B13: Polymer Composite Solutions : 48 sites industriels
